| TOP OF THE 1ST |
|
Huron Cubs batting - Pitching for St. Cloud Rox : RHP Tony Becerra
|
|
Pitching: RHP Tony Becerra
|
|
|
Batting: LHB Gary Varsho
|
0-0: Ball 1-0: Bunted foul 1-1: Foul Ball, location: 2F 1-2: Foul Ball, location: 2F 1-2: Fly out, F9 (Flyball, 9D, EV 105.0 MPH)
|
|
Batting: RHB Greg Zunino
|
0-0: Called Strike 0-1: TRIPLE (Flyball, 78XD, EV 98.8 MPH)
|
|
Batting: RHB Mark Carreon
|
0-0: Foul Ball, location: 2F 0-1: Ball 1-1: Foul Ball, location: 2F 1-2: Ball 2-2: Strikes out swinging
|
|
Batting: RHB John Alvarez
|
0-0: Ball 1-0: SINGLE (Groundball, 6MD, EV 100.0 MPH) Greg Zunino scores
|
|
Batting: LHB Willis Gonzalez
|
0-0: Ball 1-0: Foul Ball, location: 2F 1-1: Called Strike 1-2: 2-RUN HOME RUN (Flyball, 9D, EV 90.0 MPH), Distance : 363 ft
|
|
Batting: RHB Mike Stellern
|
0-0: Ball 1-0: Called Strike 1-1: Foul Ball, location: 2F 1-2: Strikes out swinging
|
| Top of the 1st over - 3 runs, 3 hits, 0 errors, 0 left on base; Huron 3 - St. Cloud 0 |
| BOTTOM OF THE 1ST |
|
St. Cloud Rox batting - Pitching for Huron Cubs : RHP Tony Hudson
|
|
Pitching: RHP Tony Hudson
|
|
|
Batting: LHB Doran Perdue
|
0-0: Called Strike 0-1: Ball 1-1: Swinging Strike 1-2: Foul Ball, location: 2F 1-2: Strikes out swinging
|
|
Batting: RHB Ron Gardenhire
|
0-0: Foul Ball, location: 2F 0-1: Ball 1-1: Ball 2-1: Swinging Strike 2-2: Ball 3-2: Foul Ball, location: 2F 3-2: DOUBLE (Groundball, 5L, EV 104.4 MPH)
|
|
Batting: SHB R J Reynolds
|
0-0: Foul Ball, location: 2F 0-1: Called Strike Ron Gardenhire is caught stealing 3rd base 2-5 0-2: DOUBLE (Flyball, 8RXD, EV 104.4 MPH)
|
|
Batting: LHB Tim Flannery
|
0-0: Swinging Strike 0-1: Ball 1-1: Fly out, F8 (Flyball, 8LM, EV 95.6 MPH)
|
| Bottom of the 1st over - 0 runs, 2 hits, 0 errors, 1 left on base; Huron 3 - St. Cloud 0 |
| TOP OF THE 2ND |
|
Huron Cubs batting - Pitching for St. Cloud Rox : RHP Tony Becerra
|
|
Batting: LHB Rob Nelson
|
0-0: Ball 1-0: Ball 2-0: Ball 3-0: Called Strike 3-1: Base on Balls
|
|
Batting: SHB Keith Smith
|
0-0: Called Strike 0-1: Ball 1-1: Ball 2-1: Ball 3-1: SINGLE (Line Drive, 9LM, EV 107.5 MPH) Rob Nelson to second
|
|
Batting: RHB Phillip Wilson
|
0-0: Ball 1-0: Fielders Choice at 2nd, 6-4 (Groundball, 56, EV 79.4 MPH) Rob Nelson to third
|
|
Batting: LHB Gary Varsho
|
0-0: Ball 1-0: Fly out, F9 (Flyball, 9S, EV 90.6 MPH)
|
|
Batting: RHB Greg Zunino
|
0-0: Ball 1-0: Ball 2-0: Called Strike 2-1: Foul Ball, location: 2F 2-2: Ball 3-2: Base on Balls Phillip Wilson to second
|
|
Batting: RHB Mark Carreon
|
0-0: Ball 1-0: Ground out 4-3 (Groundball, 4, EV 102.5 MPH)
|
| Top of the 2nd over - 0 runs, 1 hit, 0 errors, 3 left on base; Huron 3 - St. Cloud 0 |
| BOTTOM OF THE 2ND |
|
St. Cloud Rox batting - Pitching for Huron Cubs : RHP Tony Hudson
|
|
Batting: RHB Bill Worden
|
0-0: Called Strike 0-1: Fly out, F4 (Popup, 4, EV 56.9 MPH)
|
|
Batting: LHB Curtis Morgan
|
0-0: Called Strike 0-1: Ball 1-1: Foul Ball, location: 2F 1-2: SINGLE (Groundball, 3D, EV 105.0 MPH)
|
|
Batting: RHB Dennis Sherrill
|
0-0: Ball 1-0: Called Strike 1-1: Swinging Strike 1-2: Strikes out swinging
|
|
Batting: RHB Rich Velasquez
|
0-0: Ball 1-0: Reached on error, E6 (Groundball, 56, EV 88.8 MPH) Curtis Morgan to second
|
|
Batting: SHB Manny Galvez
|
0-0: Ball 1-0: Foul Ball, location: 2F 1-1: Ground out U3 (Groundball, 3, EV 103.1 MPH)
|
| Bottom of the 2nd over - 0 runs, 1 hit, 1 error, 2 left on base; Huron 3 - St. Cloud 0 |
| TOP OF THE 3RD |
|
Huron Cubs batting - Pitching for St. Cloud Rox : RHP Tony Becerra
|
|
Batting: RHB John Alvarez
|
0-0: Ball 1-0: Swinging Strike 1-1: Ball 2-1: Fly out, F5 (Popup, 5L, EV 71.9 MPH)
|
|
Batting: LHB Willis Gonzalez
|
0-0: Foul Ball, location: 2F 0-1: Ball 1-1: Swinging Strike 1-2: Strikes out looking
|
|
Batting: RHB Mike Stellern
|
0-0: Fly out, F9 (Flyball, 9, EV 85.6 MPH)
|
| Top of the 3rd over - 0 runs, 0 hits, 0 errors, 0 left on base; Huron 3 - St. Cloud 0 |
| BOTTOM OF THE 3RD |
|
St. Cloud Rox batting - Pitching for Huron Cubs : RHP Tony Hudson
|
|
Batting: LHB Doran Perdue
|
0-0: Ball 1-0: Ball 2-0: Ball 3-0: Base on Balls
|
|
Batting: RHB Ron Gardenhire
|
0-0: Ball 1-0: Fly out, F7 (Flyball, 7LM, EV 89.4 MPH)
|
|
Batting: SHB R J Reynolds
|
0-0: Ball 1-0: Called Strike 1-1: Foul Ball, location: 2F 1-2: Ball 2-2: Fly out, F7 (Flyball, 78S, EV 91.3 MPH)
|
|
Batting: LHB Tim Flannery
|
0-0: Ball Doran Perdue steals 2nd base 1-0: Called Strike 1-1: Ball 2-1: Called Strike 2-2: Foul Ball, location: 2F 2-2: Ground out 6-3 (Groundball, 6M, EV 90.0 MPH)
|
| Bottom of the 3rd over - 0 runs, 0 hits, 0 errors, 1 left on base; Huron 3 - St. Cloud 0 |
| TOP OF THE 4TH |
|
Huron Cubs batting - Pitching for St. Cloud Rox : RHP Tony Becerra
|
|
Batting: LHB Rob Nelson
|
0-0: Ball 1-0: Swinging Strike 1-1: Called Strike 1-2: SOLO HOME RUN (Line Drive, 89XD, EV 101.9 MPH), Distance : 403 ft
|
|
Batting: SHB Keith Smith
|
0-0: Foul Ball, location: 2F 0-1: Ball 1-1: Ground out 4-3 (Groundball, 4, EV 87.5 MPH)
|
|
Batting: RHB Phillip Wilson
|
0-0: Called Strike 0-1: Ball 1-1: Ball 2-1: Ball 3-1: Foul Ball, location: 2F 3-2: Foul Ball, location: 2F 3-2: Base on Balls
|
|
Batting: LHB Gary Varsho
|
0-0: Ball 1-0: Called Strike 1-1: Foul Ball, location: 2F 1-2: SINGLE (Line Drive, 7S, EV 105.6 MPH) Phillip Wilson to second
|
|
Batting: RHB Greg Zunino
|
0-0: Ball 1-0: Ball 2-0: Foul Ball, location: 2F 2-1: Ball 3-1: Called Strike 3-2: Foul Ball, location: 2F 3-2: Foul Ball, location: 2F 3-2: Fly out, F9 (Line Drive, 9D, EV 98.8 MPH)
|
|
Batting: RHB Mark Carreon
|
0-0: Ball 1-0: Swinging Strike 1-1: Foul Ball, location: 2F 1-2: Ball 2-2: Foul Ball, location: 2F 2-2: Ground out 6-3 (Groundball, 6M, EV 107.5 MPH)
|
| Top of the 4th over - 1 run, 2 hits, 0 errors, 2 left on base; Huron 4 - St. Cloud 0 |
| BOTTOM OF THE 4TH |
|
St. Cloud Rox batting - Pitching for Huron Cubs : RHP Tony Hudson
|
|
Batting: RHB Bill Worden
|
0-0: Foul Ball, location: 2F 0-1: Foul Ball, location: 2F 0-2: Foul Ball, location: 2F 0-2: Ball 1-2: Foul Ball, location: 2F 1-2: SINGLE (Line Drive, 8RS, EV 106.3 MPH)
|
|
Batting: LHB Curtis Morgan
|
0-0: Called Strike 0-1: Ball 1-1: Foul Ball, location: 2F 1-2: Ball 2-2: Fly out, F8 (Line Drive, 8LD, EV 85.6 MPH)
|
|
Batting: RHB Dennis Sherrill
|
0-0: Foul Ball, location: 2F 0-1: Fly out, F3 (Popup, 34S, EV 69.4 MPH)
|
|
Batting: RHB Rich Velasquez
|
0-0: Ground out U3 (Groundball, 34, EV 85.6 MPH)
|
| Bottom of the 4th over - 0 runs, 1 hit, 0 errors, 1 left on base; Huron 4 - St. Cloud 0 |
| TOP OF THE 5TH |
|
Huron Cubs batting - Pitching for St. Cloud Rox : RHP Tony Becerra
|
|
Batting: RHB John Alvarez
|
0-0: Called Strike 0-1: Ball 1-1: Foul Ball, location: 2F 1-2: Fly out, F9 (Flyball, 9, EV 82.5 MPH)
|
|
Batting: LHB Willis Gonzalez
|
0-0: Foul Ball, location: 2F 0-1: Foul Ball, location: 2F 0-2: Ball 1-2: Ball 2-2: Foul Ball, location: 2F 2-2: Ball 3-2: SINGLE (Line Drive, 7S, EV 94.4 MPH)
|
|
Batting: RHB Mike Stellern
|
0-0: DOUBLE (Line Drive, 9LS, EV 105.6 MPH) Willis Gonzalez to third Runner from 3rd tries for Home, SAFE, throw by RF to home
|
|
Pitching: RHP Mike Smith
|
|
|
Batting: LHB Rob Nelson
|
0-0: Called Strike 0-1: Ball 1-1: Called Strike 1-2: Strikes out swinging
|
|
Batting: SHB Keith Smith
|
0-0: Ball 1-0: Ball 2-0: Fly out, F8 (Flyball, 78M, EV 97.5 MPH)
|
| Top of the 5th over - 1 run, 2 hits, 0 errors, 1 left on base; Huron 5 - St. Cloud 0 |
| BOTTOM OF THE 5TH |
|
St. Cloud Rox batting - Pitching for Huron Cubs : RHP Tony Hudson
|
|
Batting: SHB Manny Galvez
|
0-0: Ball 1-0: Called Strike 1-1: Ball 2-1: Ball 3-1: SOLO HOME RUN (Flyball, 78XD, EV 99.4 MPH), Distance : 404 ft
|
|
Batting: LHB Doran Perdue
|
0-0: SINGLE (Flyball, 6D, EV 90.6 MPH)
|
|
Batting: RHB Ron Gardenhire
|
0-0: Ball 1-0: Swinging Strike 1-1: Swinging Strike 1-2: SINGLE (Groundball, 15S, EV 72.5 MPH) (infield hit) Doran Perdue to second
|
|
Batting: SHB R J Reynolds
|
0-0: Called Strike 0-1: Swinging Strike 0-2: Ball 1-2: Strikes out looking
|
|
Batting: LHB Tim Flannery
|
0-0: Ball 1-0: Called Strike 1-1: Fly out, F9 (Flyball, 89S, EV 80.0 MPH)
|
|
Batting: RHB Bill Worden
|
0-0: Ball 1-0: Fly out, F5 (Popup, 5, EV 79.4 MPH)
|
| Bottom of the 5th over - 1 run, 3 hits, 0 errors, 2 left on base; Huron 5 - St. Cloud 1 |
| TOP OF THE 6TH |
|
Huron Cubs batting - Pitching for St. Cloud Rox : RHP Mike Smith
|
|
Batting: RHB Phillip Wilson
|
0-0: Ball 1-0: SOLO HOME RUN (Flyball, 7D, EV 100.0 MPH), Distance : 365 ft
|
|
Batting: LHB Gary Varsho
|
0-0: Called Strike 0-1: Called Strike 0-2: Strikes out swinging
|
|
Batting: RHB Greg Zunino
|
0-0: Ball 1-0: Called Strike 1-1: Swinging Strike 1-2: Strikes out swinging
|
|
Batting: RHB Mark Carreon
|
0-0: Ball 1-0: Swinging Strike 1-1: Swinging Strike 1-2: Strikes out swinging
|
| Top of the 6th over - 1 run, 1 hit, 0 errors, 0 left on base; Huron 6 - St. Cloud 1 |
| BOTTOM OF THE 6TH |
|
St. Cloud Rox batting - Pitching for Huron Cubs : RHP Tony Hudson
|
|
Batting: LHB Curtis Morgan
|
0-0: Ball 1-0: Called Strike 1-1: Ball 2-1: Foul Ball, location: 2F 2-2: Foul Ball, location: 2F 2-2: Fly out, F8 (Line Drive, 8RM, EV 90.0 MPH)
|
|
Batting: RHB Dennis Sherrill
|
0-0: SOLO HOME RUN (Flyball, 7LD, EV 107.5 MPH), Distance : 362 ft
|
|
Batting: RHB Rich Velasquez
|
0-0: Fly out, F8 (Flyball, 8RD, EV 94.4 MPH)
|
|
Batting: SHB Manny Galvez
|
0-0: Fly out, F3 (Flyball, 3D, EV 95.0 MPH)
|
| Bottom of the 6th over - 1 run, 1 hit, 0 errors, 0 left on base; Huron 6 - St. Cloud 2 |
| TOP OF THE 7TH |
|
Huron Cubs batting - Pitching for St. Cloud Rox : RHP Mike Smith
|
|
Batting: RHB John Alvarez
|
0-0: Ball 1-0: Fly out, F7 (Flyball, 7LM, EV 101.3 MPH)
|
|
Batting: LHB Willis Gonzalez
|
0-0: Foul Ball, location: 2F 0-1: Ball 1-1: SOLO HOME RUN (Flyball, 9D, EV 86.3 MPH), Distance : 375 ft
|
|
Batting: RHB Mike Stellern
|
0-0: Foul Ball, location: 2F 0-1: Ball 1-1: Foul Ball, location: 2F 1-2: Ball 2-2: Strikes out looking
|
|
Batting: LHB Rob Nelson
|
0-0: Ball 1-0: Fly out, F8 (Flyball, 8RM, EV 91.3 MPH)
|
| Top of the 7th over - 1 run, 1 hit, 0 errors, 0 left on base; Huron 7 - St. Cloud 2 |
| BOTTOM OF THE 7TH |
|
St. Cloud Rox batting - Pitching for Huron Cubs : RHP Tony Hudson
|
|
Batting: LHB Doran Perdue
|
0-0: Ground out 5-3 (Groundball, 5, EV 95.0 MPH)
|
|
Batting: RHB Ron Gardenhire
|
0-0: Foul Ball, location: 2F 0-1: Ball 1-1: Called Strike 1-2: Ground out 6-3 (Groundball, 6, EV 80.0 MPH)
|
|
Batting: SHB R J Reynolds
|
0-0: Ball 1-0: Ball 2-0: Fly out, F8 (Line Drive, 8RM, EV 101.9 MPH)
|
| Bottom of the 7th over - 0 runs, 0 hits, 0 errors, 0 left on base; Huron 7 - St. Cloud 2 |
| TOP OF THE 8TH |
|
Huron Cubs batting - Pitching for St. Cloud Rox : RHP Mike Smith
|
|
Batting: SHB Keith Smith
|
0-0: Ground out 6-3 (Groundball, 6, EV 108.8 MPH)
|
|
Batting: RHB Phillip Wilson
|
0-0: Fly out, F8 (Flyball, 8RS, EV 76.9 MPH)
|
|
Batting: LHB Gary Varsho
|
0-0: Called Strike 0-1: Ball 1-1: Swinging Strike 1-2: Strikes out swinging
|
| Top of the 8th over - 0 runs, 0 hits, 0 errors, 0 left on base; Huron 7 - St. Cloud 2 |
| BOTTOM OF THE 8TH |
|
St. Cloud Rox batting - Pitching for Huron Cubs : RHP Tony Hudson
|
|
Batting: LHB Tim Flannery
|
0-0: Ball 1-0: Reached on error, E3 (Groundball, 3, EV 83.1 MPH)
|
|
Batting: RHB Bill Worden
|
0-0: Ball 1-0: Fly out, F8 (Flyball, 89XD, EV 93.8 MPH)
|
|
Batting: LHB Curtis Morgan
|
0-0: Called Strike 0-1: Ball 1-1: Ball 2-1: Foul Ball, location: 2F 2-2: SINGLE (Line Drive, 78M, EV 111.3 MPH) Tim Flannery to second
|
|
Batting: RHB Dennis Sherrill
|
0-0: Ball Wild Pitch! Tim Flannery to third Curtis Morgan to second 1-0: Called Strike 1-1: Ball 2-1: Ball 3-1: Fly out, F9 (Flyball, 9S, EV 96.3 MPH)
|
|
Batting: RHB Rich Velasquez
|
0-0: Ball 1-0: Fly out, F4 (Popup, 3D, EV 58.8 MPH)
|
| Bottom of the 8th over - 0 runs, 1 hit, 1 error, 2 left on base; Huron 7 - St. Cloud 2 |
| TOP OF THE 9TH |
|
Huron Cubs batting - Pitching for St. Cloud Rox : RHP Mike Smith
|
|
Pitching: RHP Mitch Zwolensky
|
|
|
Batting: RHB Greg Zunino
|
0-0: Ball 1-0: Foul Ball, location: 2F 1-1: Ball 2-1: Ball 3-1: Base on Balls
|
|
Batting: RHB Mark Carreon
|
0-0: Ball 1-0: Called Strike 1-1: SINGLE (Line Drive, 89M, EV 92.5 MPH) Greg Zunino to second Runner from 2nd tries for 3rd, SAFE, throw by CF made to third
|
|
Batting: RHB John Alvarez
|
0-0: Foul Ball, location: 2F 0-1: Ball 1-1: Ball 2-1: SINGLE (Groundball, 5D, EV 102.5 MPH) Greg Zunino scores Mark Carreon to second
|
|
Batting: LHB Willis Gonzalez
|
0-0: Ball 1-0: Ball 2-0: Ball 3-0: Called Strike 3-1: Base on Balls Mark Carreon to third John Alvarez to second
|
|
Batting: RHB Mike Stellern
|
0-0: Foul Ball, location: 2F 0-1: Ball 1-1: Foul Ball, location: 2F 1-2: Foul Ball, location: 2F 1-2: Strikes out swinging
|
|
Batting: LHB Rob Nelson
|
0-0: Fly out, F5 (Flyball, 5D, EV 90.6 MPH)
|
|
Batting: SHB Keith Smith
|
0-0: SINGLE (Groundball, 4MD, EV 94.4 MPH) Mark Carreon scores John Alvarez to third Willis Gonzalez to second Runner from 3rd tries for Home, SAFE, throw by CF to home
|
|
Pitching: RHP Steve Ellsworth
|
|
|
Batting: RHB Phillip Wilson
|
0-0: Ball 1-0: Ball 2-0: Ball 3-0: Base on Balls Willis Gonzalez to third Keith Smith to second
|
|
Batting: LHB Gary Varsho
|
0-0: Ball 1-0: Foul Ball, location: 2F 1-1: Swinging Strike 1-2: TRIPLE (Line Drive, 89XD, EV 103.1 MPH) Willis Gonzalez scores Keith Smith scores Phillip Wilson scores
|
|
Batting: RHB Greg Zunino
|
0-0: Ball 1-0: Ball 2-0: Foul Ball, location: 2F 2-1: SINGLE (Line Drive, 8RS, EV 89.4 MPH) Gary Varsho scores
|
|
Pinch Hitting: RHB Scot Holliday
|
0-0: Ball 1-0: Called Strike 1-1: Ball 2-1: Ball 3-1: Base on Balls Greg Zunino to second
|
|
Batting: RHB John Alvarez
|
0-0: Called Strike 0-1: Foul Ball, location: 2F 0-2: Ball 1-2: Fielders Choice at 2nd, U4 (Groundball, 4M, EV 103.1 MPH)
|
| Top of the 9th over - 7 runs, 5 hits, 0 errors, 2 left on base; Huron 14 - St. Cloud 2 |
| BOTTOM OF THE 9TH |
|
St. Cloud Rox batting - Pitching for Huron Cubs : RHP Tony Hudson
|
|
Now in LF: Scot Holliday
|
|
|
Pinch Hitting: RHB Carlos Amezcua
|
0-0: Ball 1-0: Ball 2-0: Foul Ball, location: 2F 2-1: Ball 3-1: Called Strike 3-2: Base on Balls
|
|
Batting: LHB Doran Perdue
|
0-0: Ball 1-0: Swinging Strike 1-1: Ground out 5-3 (Groundball, 56S, EV 70.0 MPH) Carlos Amezcua to second
|
|
Batting: RHB Ron Gardenhire
|
0-0: Called Strike 0-1: Called Strike 0-2: Ground out 5-3 (Groundball, 56, EV 79.4 MPH)
|
|
Pinch Hitting: RHB Butch Benton
|
0-0: Ball 1-0: Called Strike 1-1: Called Strike 1-2: Strikes out swinging
|
| Bottom of the 9th over - 0 runs, 0 hits, 0 errors, 1 left on base; Huron 14 - St. Cloud 2 |
|